 Dungeon Crawl Stone Soup version 0.28-b1-1-g3c77fb2ed1 (webtiles) character file.

Game seed: 11888119572787136317

886 boopmooplesden the Slasher (level 7, -4/91 HPs)
             Began as a Minotaur Fighter on Jan 29, 2022.
             Slain by a gnoll shaman (6 damage)
             ... on level 5 of the Dungeon.
             The game lasted 00:07:17 (4594 turns).

boopmooplesden the Slasher (Minotaur Fighter)       Turns: 4594, Time: 00:07:17

Health: -4/91      AC: 30    Str: 20    XL:     7   Next: 76%
Magic:  6/6        EV:  2    Int:  5    God:
Gold:   263        SH:  5    Dex: 12    Spells: 6/6 levels left

rFire   . . .      SeeInvis .   a - +0 long sword (protect)
rCold   . . .      Faith    .   c - +0 buckler
rNeg    . . .      Spirit   .   (armour currently unavailable)
rPois   +          Reflect  .   (helmet currently unavailable)
rElec   .          Harm     .   (cloak currently unavailable)
rCorr   .          Rampage  .   (gloves currently unavailable)
Will    .....      NoTele   +   (boots currently unavailable)
Stlth   +.........              (no amulet)
HPRegen 0.25/turn               (no ring)
MPRegen 0.10/turn               (no ring)

@: lit by a corona, tree-form, under a protective aura, glowing
A: stationary, stasis, torment immunity, boosted hp, (horns 2), (retaliatory
headbutt)
a: no special abilities


You were on level 5 of the Dungeon.
You were a tree.
You visited 1 branch of the dungeon, and saw 5 of its levels.
You also visited: Sewer.

You collected 263 gold pieces.

Inventory:

Hand Weapons
 a - a +0 long sword of protection (weapon)
Missiles
 m - a javelin (quivered)
Armour
 b - a +0 scale mail
 c - a +0 buckler (worn)
 d - a +1 plate armour
 r - a +2 ring mail of poison resistance (melded)
 s - a +0 cloak (melded)
Jewellery
 e - a ring of poison resistance
 p - a +6 ring of intelligence
 q - an amulet of the acrobat
Wands
 u - a wand of digging (5)
Scrolls
 f - 6 scrolls of identify
 g - 2 scrolls of immolation
 n - 4 scrolls of teleportation
 t - a scroll of vulnerability {unknown}
 x - a scroll of enchant armour
 y - 3 scrolls of noise
 A - a scroll of fear {unknown}
Potions
 h - 3 potions of curing {unknown}
 i - 5 potions of flight
 j - a potion of resistance {unknown}
 k - a potion of mutation {unknown}
 l - 3 potions of lignification
 o - 2 potions of degeneration {unknown}
 v - a potion of might
 w - 2 potions of cancellation {unknown}
 z - 2 potions of heal wounds {unknown}


   Skills:
 + Level 5.1 Fighting
 + Level 7.2 Long Blades
 + Level 5.8 Armour
 + Level 3.3 Dodging
 + Level 0.5 Stealth
 + Level 5.1 Shields


You had 6 spell levels left.
You didn't know any spells.
Your spell library contained the following spells:

 Spells                   Type           Power      Damage    Failure   Level
 Animate Skeleton         Necr           0%         N/A       56%         1
 Pain                     Necr           0%         1d4       56%         1
 Sublimation of Blood     Necr           0%         N/A       71%         2
 Vampiric Draining        Necr           0%         2d6       90%         3
 Petrify                  Tmut/Erth      0%         N/A       100%        4
 Irradiate                Conj/Tmut      0%         3d14      100%        5


Dungeon Overview and Level Annotations

Branches:
Dungeon (5/15)              Sewer (visited)
 Temple: D:4-7

Altars:
Uskayaw

Shops:
D:1 (   D:4 (


Innate Abilities, Weirdness & Mutations

You are a tree.
Your roots penetrate the ground, keeping you stationary.
You cannot be teleported.
You are immune to unholy pain and torment.
Your maximum health is greatly increased.
Your equipment is partially melded.
((You have a pair of horns on your head.))
((You reflexively headbutt those who attack you in melee.))


Message History

You are outlined in light.
You closely miss the gnoll.
The gnoll is almost dead.
You block the gnoll's attack.
The gnoll hits you but does no damage. x2
The gnoll shaman hits you with a +0 club!
You block the gnoll shaman's attack.
Found a gnarled glowing staff.
The gnoll throws a throwing net.
The throwing net hits you.
You become entangled in the net!
The gnoll shaman calls upon its god to heal the gnoll.
The gnoll is healed somewhat.
Things that are here:
a throwing net; a throwing net Unknown command.
You struggle against the net.
Unknown command.
You struggle against the net.
The gnoll barely misses you.
The gnoll hits you from afar with a +0 spear.
The gnoll shaman hits you with a +0 club.
You struggle against the net.
The gnoll hits you from afar with a +0 spear.
* * * LOW HITPOINT WARNING * * *
The gnoll hits you with a +0 whip.
* * * LOW HITPOINT WARNING * * *
The gnoll shaman hits you with a +0 club!
* * * LOW HITPOINT WARNING * * *
It was a potion of lignification.
You turn into a tree.
Your +0 cloak melds into your body.
Your +2 ring mail of poison resistance melds into your body.
You no longer feel resistant to poison.
Your roots penetrate the ground.
The net rips apart!
The gnoll hits you but does no damage. You block the gnoll's attack.
The gnoll shaman hits you with a +0 club.
* * * LOW HITPOINT WARNING * * *
The gnoll hits you but does no damage.
You slash the gnoll shaman!
Your weapon exudes an aura of protection.
The gnoll shaman is severely wounded.
The gnoll hits you but does no damage. x2
The gnoll shaman hits you with a +0 club.
You die...

+.....# .......|# #.....#
.........# #.....#
........(.# #.....'
..........# #.....#
..........# +.....#
..........# #.....#
.........(#### #.# #<....#
........g♣+>...#.###.#'###
./...[...g#...............
######gg.#.##.#.#.....###
#O###.##...#.#.####.
########.###.#....#.#.# #.
........(....'....#.#.####.
.............#....#.#......
.............'......##...#.
.............#....####...'.


You could see an ogre, a gnoll shaman and 3 gnolls.

Vanquished Creatures
  Sigmund (D:2)
  An ice beast (D:4)
  A necrophage (D:4)
  A water moccasin skeleton (D:4)
  Crazy Yiuf (D:2)
  2 orc priests (D:3)
  Terence (D:2)
  Natasha (D:2)
  2 iguanas (D:4)
  A scorpion zombie (D:5)
  A gnoll (D:1)
  7 adders
  7 river rats
  A shadow imp (D:3)
  6 worms
  2 dart slugs (D:3)
  13 orcs
  8 endoplasms
  5 giant cockroaches
  5 goblins
  7 hobgoblins
  7 jackals
  5 quokkas
  13 ball pythons
  12 bats
  4 frilled lizards
  A giant cockroach zombie (D:3)
  6 kobolds
  7 rats
129 creatures vanquished.

Notes
Turn   | Place    | Note
-------+----------+-------------------------------------------
     0 | D:1      | boopmooplesden the Minotaur Fighter began the quest for the
                  | Orb.
     0 | D:1      | Reached XP level 1. HP: 19/19 MP: 0/0
   125 | D:1      | Found Omukkile's Antique Weapon Shoppe.
   412 | D:1      | Reached skill level 3 in Long Blades
   412 | D:1      | Reached XP level 2. HP: 10/27 MP: 1/1
   944 | D:1      | Found a faded altar of an unknown god.
  1014 | D:2      | Reached XP level 3. HP: 33/33 MP: 2/2
  1080 | D:2      | Noticed Sigmund
  1110 | D:2      | Killed Sigmund
  1111 | D:2      | Reached skill level 4 in Long Blades
  1111 | D:2      | Reached skill level 5 in Armour
  1111 | D:2      | Reached skill level 1 in Dodging
  1111 | D:2      | Reached XP level 4. HP: 3/40 MP: 3/3
  1111 | D:2      | Reached XP level 5. HP: 3/46 MP: 4/4
  1674 | D:2      | Found a runed translucent door.
  1675 | D:2      | Noticed Crazy Yiuf
  1739 | D:2      | Noticed Natasha
  1746 | D:2      | Killed Natasha
  1800 | D:2      | Noticed Terence
  1807 | D:2      | Killed Terence
  1935 | D:2      | Killed Crazy Yiuf
  1936 | D:2      | Reached XP level 6. HP: 46/53 MP: 5/5
  2207 | D:3      | Found a hide-covered altar of Uskayaw.
  2386 | D:3      | Reached skill level 5 in Long Blades
  2882 | D:4      | Noticed an ice beast
  2889 | D:4      | Killed an ice beast
  2890 | D:4      | Reached XP level 7. HP: 60/60 MP: 6/6
  2987 | D:4      | Reached skill level 6 in Long Blades
  2987 | D:4      | Reached skill level 5 in Shields
  3401 | D:4      | Found Peok's Firing Range.
  3445 | D:5      | Entered Level 5 of the Dungeon
  3547 | D:5      | Found a glowing drain.
  3567 | Sewer    | Entered a sewer
  3670 | Sewer    | Reached skill level 5 in Fighting
  3819 | Sewer    | Reached skill level 7 in Long Blades
  4593 | D:5      | HP: 2/91 [gnoll shaman (4)]
  4594 | D:5      | Slain by a gnoll shaman

Illustrated notes

Levels and vault maps discovered:
D:1:      minmay_arrival_open_corners, layout_basic, basic_ecumenical_altar,
          serial_shops, shop
D:2:      layout_rooms, uniq_terence, uniq_natasha, uniq_sigmund,
          uniq_crazy_yiuf_cottage
D:3:      layout_rooms, lemuel_coloured_pillars_altar, grunt_ministairs_10,
          st_stairs_13
D:4:      layout_basic, nicolae_shop_firing_range
D:5:      layout_basic, cheibrodos_sewer_entry_sluice, skrybe_limestone_x

Skill      XL: |  1  2  3  4  5  6  7 |
---------------+----------------------+-----
Fighting       | 4 5 |  5.1
Long Blades    | 3 4 5 7 |  7.2
Armour         | 4 5 |  5.8
Dodging        | 1 2 3 |  3.3
Shields        | 4 5 |  5.1
Stealth        | |  0.5

Action                   |  1- 3 |  4- 6 |  7- 9 || total
-------------------------+-------+-------+-------++-------
Melee: Long sword        |    54 |   100 |   160 ||   314
       Headbutt          |    12 |    14 |    19 ||    45
  Use: Scroll            |     2 |     4 |       ||     6
       Potion            |     1 |       |     3 ||     4
Armor: Scale mail        |    38 |    10 |       ||    48
       Ring mail         |       |    16 |    78 ||    94
       Skin              |       |       |     4 ||     4
Dodge: Dodged            |    39 |    45 |   104 ||   188
Block: Buckler           |    24 |    23 |    51 ||    98
